AoeStats
← Don Pepino Sonrisa

Golden Pit

507262675Analyzed
1v1 RM · 13d ago on Sep 17, 2026· 39m 50s· 2 players
Game mode
Random Map
Map size
Tiny (2 player)
Population
200
Speed
Normal
Resources
Standard
Victory
Conquest
Starting age
Dark Age
Ending age
Imperial Age
RankedLock teamsTeams togetherTeam positionsShared explorationLock speedFull tech treeHidden civsTurbo modeCheats
Victory
Defeat
🇪🇸 Poles · Spain
1797
+11
🇰🇷 Muisca · South Korea
1680
-11
Don Pepino Sonrisa
9:02 Feudal Age
8:48 Loom
9:51 Double-Bit Axe
17:46 Castle Age
15:49 Stone Mining
15:55 Fletching
16:45 Padded Archer Armor
16:56 Horse Collar
17:51 Pikeman
22:07 Scale Mail Armor
27:09 Chain Mail Armor
27:32 Squires
27:50 Forging
29:58 Wheelbarrow
34:29 Imperial Age
31:57 Gold Mining
33:43 Iron Casting
35:45 Plate Mail Armor
35:30 Bodkin Arrow
35:38 Padded Archer Armor
37:23 Chemistry
36:54 Town Watch
39:37 Ballistics
FireFarts
9:59 Feudal Age
8:52 Loom
10:45 Feudal Age
15:20 Castle Age
13:27 Double-Bit Axe
13:23 Horse Collar
15:04 Gold Mining
16:15 Scale Barding Armor
16:43 Heavy Plow
18:09 Bloodlines
19:45 Bloodlines
21:17 Bloodlines
21:29 Forging
22:39 Town Watch
26:00 Wheelbarrow
25:40 Bow Saw
26:36 Wheelbarrow
27:02 Fletching
34:23 Imperial Age
32:02 Stone Mining
32:32 Husbandry
32:33 Bodkin Arrow
33:14 Husbandry
33:51 Padded Archer Armor
34:08 Hand Cart
36:11 Chemistry
36:16 Ballistics
36:16 Masonry
36:39 Bracer
36:47 Thumb Ring
36:05 Heavy Cavalry Archer
38:37 Siege Engineers
39:41 Chain Barding Armor
40:01 Leather Archer Armor
39:39 Crossbowman
Connection lost

Rejoining the realm…

Still unreachable

The connection could not be restored.

Session expired

The server has moved on; the page needs a fresh start.